MLB
ATLANTA BRAVES @ PITTSBURGH PIRATES
06/03/2098
 
TOP OF THE 1ST
Atlanta Braves batting - Pitching for Pittsburgh Pirates : LHP Mike Rutherford
Pitching: LHP Mike Rutherford
Batting: LHB Jordan Montijo 0-0: Called Strike
0-1: Called Strike
0-2: Fly out, F8 (Flyball, 89M, EV 86.9 MPH)
Batting: LHB Wade Ronsonet 0-0: Bunt missed!
0-1: Ball
1-1: Swinging Strike
1-2: Strikes out swinging
Batting: RHB Antonio Mejia 0-0: Ball
1-0: Foul Ball, location: 2F
1-1: Foul Ball, location: 3DF
1-2: Fly out, F8 (Flyball, 8LD, EV 103.8 MPH)
Top of the 1st over - 0 runs, 0 hits, 0 errors, 0 left on base; Atlanta 0 - Pittsburgh 0
BOTTOM OF THE 1ST
Pittsburgh Pirates batting - Pitching for Atlanta Braves : RHP David Pearson
Pitching: RHP David Pearson
Batting: RHB Randy Wilson 0-0: Called Strike
0-1: Swinging Strike
0-2: Ball
1-2: Ball
2-2: Fly out, F7 (Flyball, 7S, EV 94.4 MPH)
Batting: RHB Zachary Gugliotta 0-0: Ball
1-0: Called Strike
1-1: Ball
2-1: Ball
3-1: SINGLE (Groundball, 6MD, EV 96.9 MPH)
Batting: SHB Akira Nagata 0-0: Ball
1-0: 2-RUN HOME RUN (Flyball, 9D, EV 105.0 MPH), Distance : 415 ft
Batting: RHB Joey Noles 0-0: Ball
1-0: Called Strike
1-1: Called Strike
1-2: Ball
2-2: Foul Ball, location: 7LSF
2-2: SINGLE (Line Drive, 56D, EV 96.9 MPH)
Batting: RHB Carlos Flores 0-0: Called Strike
0-1: Ball
1-1: Called Strike
1-2: Ball
2-2: Foul Ball, location: 7LMF
2-2: Foul Ball, location: 2F
2-2: Ball
3-2: Base on Balls
Joey Noles to second
Batting: RHB Nate D'Acquisto 0-0: Called Strike
0-1: Foul Ball, location: 23FF
0-2: Strikes out looking and he physically ARGUES THE CALL AND IS TOSSED!
Batting: LHB Todd Schuller 0-0: Foul Ball, location: 25F
0-1: Called Strike
0-2: Ball
1-2: Strikes out looking
Bottom of the 1st over - 2 runs, 3 hits, 0 errors, 2 left on base; Atlanta 0 - Pittsburgh 2
TOP OF THE 2ND
Atlanta Braves batting - Pitching for Pittsburgh Pirates : LHP Mike Rutherford
Now at 3B: Verner Johannsen
Now at SS: Jeremiah Coleman
Batting: RHB Ramon Carrion 0-0: Ball
1-0: Foul Ball, location: 5FF
1-1: Ground out 5-3 (Groundball, 56S, EV 86.9 MPH)
Batting: SHB Carlos Carballo 0-0: Foul Ball, location: 23FF
0-1: Foul Ball, location: 2F
0-2: Ball
1-2: Foul Ball, location: 5FF
1-2: Foul Ball, location: 2F
1-2: Strikes out swinging
Batting: SHB Joe Richardson 0-0: Foul Ball, location: 9LMF
0-1: Called Strike
0-2: Ball
1-2: Ball
2-2: Ball
3-2: Foul Ball, location: 23F
3-2: Base on Balls
Batting: LHB Mike Hancock 0-0: Called Strike
0-1: Called Strike
0-2: Ball
1-2: Ball
2-2: Fly out, F5 (Popup, 56S, EV 75.6 MPH)
Top of the 2nd over - 0 runs, 0 hits, 0 errors, 1 left on base; Atlanta 0 - Pittsburgh 2
BOTTOM OF THE 2ND
Pittsburgh Pirates batting - Pitching for Atlanta Braves : RHP David Pearson
Batting: RHB Alex Velazquez 0-0: Ball
1-0: Foul Ball, location: 2F
1-1: Swinging Strike
1-2: SINGLE (Groundball, 4S, EV 61.9 MPH) (infield hit)
Batting: RHB Verner Johannsen 0-0: Called Strike
0-1: Swinging Strike
0-2: Ball
1-2: Grounds into double play, 4-6-3 (Groundball, 4, EV 101.3 MPH)
Batting: RHB Randy Wilson 0-0: Ball
1-0: Called Strike
1-1: Ball
2-1: Called Strike
2-2: Strikes out swinging
Bottom of the 2nd over - 0 runs, 1 hit, 0 errors, 0 left on base; Atlanta 0 - Pittsburgh 2
TOP OF THE 3RD
Atlanta Braves batting - Pitching for Pittsburgh Pirates : LHP Mike Rutherford
Batting: LHB Felix Garza 0-0: Swinging Strike
0-1: Called Strike
0-2: Ball
1-2: Ball
2-2: Strikes out swinging
Batting: RHB Matt Varner 0-0: Ball
1-0: Fly out, F8 (Flyball, 8LM, EV 92.5 MPH)
Batting: LHB Jordan Montijo 0-0: Ball
1-0: Swinging Strike
1-1: Ball
2-1: Swinging Strike
2-2: Strikes out swinging
Top of the 3rd over - 0 runs, 0 hits, 0 errors, 0 left on base; Atlanta 0 - Pittsburgh 2
BOTTOM OF THE 3RD
Pittsburgh Pirates batting - Pitching for Atlanta Braves : RHP David Pearson
Batting: RHB Zachary Gugliotta 0-0: Swinging Strike
0-1: Called Strike
0-2: Strikes out swinging
Batting: SHB Akira Nagata 0-0: Called Strike
0-1: Fly out, F8 (Flyball, 8RM, EV 92.5 MPH)
Batting: RHB Joey Noles 0-0: Called Strike
0-1: Swinging Strike
0-2: Foul Ball, location: 2LF
0-2: Foul Ball, location: 5DF
0-2: Ball
1-2: Ball
2-2: Ball
3-2: Fly out, F8 (Flyball, 8LD, EV 100.6 MPH)
Bottom of the 3rd over - 0 runs, 0 hits, 0 errors, 0 left on base; Atlanta 0 - Pittsburgh 2
TOP OF THE 4TH
Atlanta Braves batting - Pitching for Pittsburgh Pirates : LHP Mike Rutherford
Batting: LHB Wade Ronsonet 0-0: Called Strike
0-1: Ball
1-1: Called Strike
1-2: Foul Ball, location: 9LMF
1-2: Strikes out looking
Batting: RHB Antonio Mejia 0-0: Called Strike
0-1: Fly out, F3 (Line Drive, 34, EV 70.6 MPH)
Batting: RHB Ramon Carrion 0-0: Foul Ball, location: 2F
0-1: Called Strike
0-2: Ball
1-2: Ball
2-2: Foul Ball, location: 2F
2-2: Ground out 5-3 (Groundball, 56, EV 101.9 MPH)
Top of the 4th over - 0 runs, 0 hits, 0 errors, 0 left on base; Atlanta 0 - Pittsburgh 2
BOTTOM OF THE 4TH
Pittsburgh Pirates batting - Pitching for Atlanta Braves : RHP David Pearson
Batting: RHB Carlos Flores 0-0: Ball
1-0: Fly out, F7 (Flyball, 7D, EV 102.5 MPH)
Batting: RHB Jeremiah Coleman 0-0: Ball
1-0: Called Strike
1-1: Swinging Strike
1-2: Fly out, F7 (Flyball, 7, EV 106.3 MPH)
Batting: LHB Todd Schuller 0-0: Ball
1-0: Ball
2-0: Called Strike
2-1: Ball
3-1: Swinging Strike
3-2: Fly out, F7 (Line Drive, 78D, EV 90.6 MPH)
Bottom of the 4th over - 0 runs, 0 hits, 0 errors, 0 left on base; Atlanta 0 - Pittsburgh 2
TOP OF THE 5TH
Atlanta Braves batting - Pitching for Pittsburgh Pirates : LHP Mike Rutherford
Batting: SHB Carlos Carballo 0-0: Fly out, F8 (Line Drive, 8RD, EV 91.9 MPH)
Batting: SHB Joe Richardson 0-0: Ball
1-0: Called Strike
1-1: Ball
2-1: SINGLE (Line Drive, 34, EV 104.4 MPH)
Batting: LHB Mike Hancock 0-0: Ball
1-0: Fielders Choice at 2nd, 4-6 (Groundball, 34S, EV 77.5 MPH)
Batting: LHB Felix Garza 0-0: DOUBLE (Flyball, 8LXD, EV 112.5 MPH)
Mike Hancock to third
Runner from 3rd tries for Home, SAFE, throw by CF to trailing runner, SAFE at third!
Batting: RHB Matt Varner 0-0: Ball
1-0: Foul Ball, location: 3F
1-1: Foul Ball, location: 2F
1-2: Foul Ball, location: 3FF
1-2: Ball
2-2: Strikes out swinging
Top of the 5th over - 1 run, 2 hits, 0 errors, 1 left on base; Atlanta 1 - Pittsburgh 2
BOTTOM OF THE 5TH
Pittsburgh Pirates batting - Pitching for Atlanta Braves : RHP David Pearson
Batting: RHB Alex Velazquez 0-0: Ball
1-0: Called Strike
1-1: Called Strike
1-2: Ground out 5-3 (Groundball, 56, EV 82.5 MPH)
Batting: RHB Verner Johannsen 0-0: Foul Ball, location: 9LDF
0-1: Swinging Strike
0-2: Ball
1-2: Ball
2-2: Ball
3-2: Foul Ball, location: 2F
3-2: Base on Balls
Batting: RHB Randy Wilson 0-0: Foul Ball, location: 2F
0-1: Swinging Strike
0-2: Fly out, F9 (Flyball, 89S, EV 91.3 MPH)
Batting: RHB Zachary Gugliotta 0-0: Ball
1-0: Called Strike
1-1: Foul Ball, location: 25FF
1-2: Ball
2-2: Fly out, F3 (Popup, 3SF, EV 65.6 MPH)
Bottom of the 5th over - 0 runs, 0 hits, 0 errors, 1 left on base; Atlanta 1 - Pittsburgh 2
TOP OF THE 6TH
Atlanta Braves batting - Pitching for Pittsburgh Pirates : LHP Mike Rutherford
Batting: LHB Jordan Montijo 0-0: Called Strike
0-1: Ball
1-1: Fly out, F5 (Flyball, 5D, EV 94.4 MPH)
Batting: LHB Wade Ronsonet 0-0: Ball
1-0: Fly out, F6 (Line Drive, 6, EV 61.9 MPH)
Batting: RHB Antonio Mejia 0-0: Called Strike
0-1: Called Strike
0-2: Foul Ball, location: 23F
0-2: Ball
1-2: Strikes out looking
Top of the 6th over - 0 runs, 0 hits, 0 errors, 0 left on base; Atlanta 1 - Pittsburgh 2
BOTTOM OF THE 6TH
Pittsburgh Pirates batting - Pitching for Atlanta Braves : RHP David Pearson
Batting: SHB Akira Nagata 0-0: Called Strike
0-1: Foul Ball, location: 5FF
0-2: Fly out, F8 (Flyball, 8RD, EV 110.0 MPH)
Batting: RHB Joey Noles 0-0: Hit by Pitch
Batting: RHB Carlos Flores 0-0: Ball
1-0: Foul Ball, location: 9LSF
1-1: Ball
2-1: Swinging Strike
2-2: Ball
3-2: Foul Ball, location: 2F
3-2: Strikes out looking
Batting: RHB Jeremiah Coleman 0-0: Ball
1-0: Called Strike
1-1: Foul Ball, location: 7LMFF
1-2: Fielders Choice at 2nd, U4 (Groundball, 4M, EV 110.0 MPH)
Bottom of the 6th over - 0 runs, 0 hits, 0 errors, 1 left on base; Atlanta 1 - Pittsburgh 2
TOP OF THE 7TH
Atlanta Braves batting - Pitching for Pittsburgh Pirates : LHP Mike Rutherford
Batting: RHB Ramon Carrion 0-0: Called Strike
0-1: Ball
1-1: Ball
2-1: Ball
3-1: DOUBLE (Flyball, 89D, EV 95.6 MPH)
Pitching: LHP Gaby Juarbe Jr.
Batting: SHB Carlos Carballo 0-0: Ball
1-0: Foul Ball, location: 5F
1-1: Ball
2-1: Swinging Strike
2-2: Foul Ball, location: 23FF
2-2: Strikes out swinging
Batting: SHB Joe Richardson 0-0: Ball
1-0: Swinging Strike
1-1: Ball
2-1: Ball
3-1: Swinging Strike
3-2: Base on Balls
Batting: LHB Mike Hancock 0-0: Called Strike
0-1: Ball
1-1: Ball
2-1: Called Strike
2-2: Strikes out swinging
Batting: LHB Felix Garza 0-0: Foul Ball, location: 2F
0-1: Ball
1-1: Ball
2-1: Ball
3-1: Swinging Strike
3-2: Foul Ball, location: 7LDF
3-2: Base on Balls
Ramon Carrion to third
Joe Richardson to second
Batting: RHB Matt Varner 0-0: Ball
1-0: Ball
2-0: Fly out, F8 (Flyball, 8LXD, EV 93.1 MPH)
Top of the 7th over - 0 runs, 1 hit, 0 errors, 3 left on base; Atlanta 1 - Pittsburgh 2
BOTTOM OF THE 7TH
Pittsburgh Pirates batting - Pitching for Atlanta Braves : RHP David Pearson
Pitching: RHP Andy Thomas
Batting: LHB Todd Schuller 0-0: Ball
1-0: Fly out, F9 (Flyball, 9D, EV 79.4 MPH)
Batting: RHB Alex Velazquez 0-0: Foul Ball, location: 2F
0-1: Ball
1-1: SINGLE (Line Drive, 6M, EV 97.5 MPH)
Batting: RHB Verner Johannsen 0-0: Called Strike
0-1: Foul Ball, location: 23F
0-2: Foul Ball, location: 9LMF
0-2: Ball
1-2: Foul Ball, location: 25F
1-2: Grounds into double play, 6-4-3 (Groundball, 6M, EV 92.5 MPH)
Bottom of the 7th over - 0 runs, 1 hit, 0 errors, 0 left on base; Atlanta 1 - Pittsburgh 2
TOP OF THE 8TH
Atlanta Braves batting - Pitching for Pittsburgh Pirates : LHP Gaby Juarbe Jr.
Pitching: RHP Dana House
Batting: LHB Jordan Montijo 0-0: Called Strike
0-1: Swinging Strike
0-2: Strikes out swinging
Batting: LHB Wade Ronsonet 0-0: Ball
1-0: Called Strike
1-1: Ball
2-1: Foul Ball, location: 3FF
2-2: Fly out, F8 (Flyball, 78S, EV 91.9 MPH)
Pinch Hitting: LHB Jason Nathanson 0-0: Called Strike
0-1: Called Strike
0-2: Ball
1-2: Ball
2-2: Fly out, F9 (Line Drive, 9, EV 94.4 MPH)
Top of the 8th over - 0 runs, 0 hits, 0 errors, 0 left on base; Atlanta 1 - Pittsburgh 2
BOTTOM OF THE 8TH
Pittsburgh Pirates batting - Pitching for Atlanta Braves : RHP Andy Thomas
Now in LF: Jason Nathanson
Batting: RHB Randy Wilson 0-0: Foul Ball, location: 7LMF
0-1: SINGLE (Flyball, 78S, EV 84.4 MPH)
Batting: RHB Zachary Gugliotta 0-0: Ball
1-0: DOUBLE (Flyball, 78XD, EV 96.3 MPH)
Randy Wilson to third
Batting: SHB Akira Nagata 0-0: Ball
1-0: Ball
2-0: Swinging Strike
2-1: Fly out, F7 (Flyball, 78M, EV 81.3 MPH)
Runner from 3rd tags up, SCORES, no throw by LF
Batting: RHB Joey Noles 0-0: Intentional Walk
Batting: RHB Carlos Flores 0-0: Ball
1-0: Called Strike
1-1: Swinging Strike
1-2: Strikes out looking
Batting: RHB Jeremiah Coleman 0-0: Ground out U3 (Groundball, 3L, EV 80.6 MPH)
Bottom of the 8th over - 1 run, 2 hits, 0 errors, 2 left on base; Atlanta 1 - Pittsburgh 3
TOP OF THE 9TH
Atlanta Braves batting - Pitching for Pittsburgh Pirates : RHP Dana House
Batting: RHB Ramon Carrion 0-0: Ball
1-0: Swinging Strike
1-1: Ball
2-1: Fly out, F8 (Line Drive, 8RM, EV 105.6 MPH)
Batting: SHB Carlos Carballo 0-0: Ball
1-0: DOUBLE (Flyball, 8RXD, EV 106.3 MPH)
Batting: SHB Joe Richardson 0-0: Swinging Strike
0-1: Foul Ball, location: 5FF
0-2: Strikes out swinging
Batting: LHB Mike Hancock 0-0: Swinging Strike
0-1: Swinging Strike
0-2: Ball
1-2: Ball
2-2: Ground out U3 (Groundball, 3S, EV 87.5 MPH)
Top of the 9th over - 0 runs, 1 hit, 0 errors, 1 left on base; Atlanta 1 - Pittsburgh 3
Saturday, April 6th , 2024 - OOTP Baseball 24.11 Build 85